 Dungeon Crawl Stone Soup version 0.31-a0-564-g3b7de120b3 (webtiles) character file.

Game seed: 2554669231107290086

2 Arcadio the Caller (level 1, -1/10 HPs)
             Began as a Deep Elf Summoner on Aug 17, 2023.
             Frozen to death by an endoplasm (3 damage)
             ... on level 1 of the Dungeon.
             The game lasted 00:00:27 (85 turns).

Arcadio the Caller (Deep Elf Summoner)                Turns: 85, Time: 00:00:28

Health: -1/10      AC:  2    Str:  5    XL:     1   Next: 33%
Magic:  5/6        EV: 12    Int: 19    God:
Gold:   11         SH:  0    Dex: 15    Spells: 5/6 levels left

rFire   . . .        (no weapon)
rCold   . . .        (no shield)
rNeg    . . .        a - +0 robe
rPois   .            (no helmet)
rElec   .            (no cloak)
rCorr   .            (no gloves)
SInv    .            (no boots)
Will    .....        (no amulet)
Stlth   ++           (no ring)
HPRegen 0.21/turn    (no ring)
MPRegen 0.10/turn

%: no passive effects
@: no status effects
A: no striking features
a: no special abilities


You were on level 1 of the Dungeon.
You visited 1 branch of the dungeon, and saw 1 of its levels.

You collected 11 gold pieces.

Inventory:

Armour
 a - a +0 robe (worn)
Potions
 b - a potion of magic
 c - a potion of resistance {unknown}


   Skills:
 + Level 2.5 Dodging
 - Level 2.4 Stealth
 + Level 3.1 Spellcasting
 + Level 4.4 Summonings


You had 5 spell levels left.
You knew the following spells:

 Your Spells              Type           Power      Damage    Failure   Level
a - Summon Small Mammal   Summ           76%        N/A       2%          1

Your spell library contained the following spells:

 Spells                   Type           Power      Damage    Failure   Level
 Call Imp                 Summ           38%        N/A       3%          2
 Call Canine Familiar     Summ           19%        N/A       8%          3
 Summon Guardian Golem    Hex/Summ       11%        N/A       19%         3
 Summon Lightning Spire   Summ/Air       11%        N/A       52%         4


Dungeon Overview and Level Annotations

Branches:
Dungeon (1/15) Zot: 5914

Altars:


Message History

The bat barely misses you.
You barely miss the bat. The bat barely misses you.
Your bat hits the bat but does no damage.
The bat barely misses you. The bat misses your quokka.
You closely miss the bat. The bat barely misses you.
Your bat barely misses the bat.
The bat hits your quokka but does no damage.
Your quokka bites the bat.
The bat barely misses your quokka.
You closely miss the bat.
The bat is severely wounded.
The bat barely misses you.
Your bat misses the bat. The bat barely misses your quokka.
Your quokka barely misses the bat.
The bat barely misses you.
Your bat hits the bat.
The bat dies!
There is a stone staircase leading down here.
Your bat disappears in a puff of smoke!
An endoplasm comes into view.
A goblin comes into view. It is wielding a +0 club.
The goblin shouts!
The endoplasm barely misses you. The goblin completely misses you.
Casting: Summon Small Mammal (safe; 2% risk of failure)
Confirm with . or Enter, or press ? or * to list all spells.
Your quokka bites the goblin.
The endoplasm freezes you.
You are frozen.
Your quokka bites the goblin.
The goblin dies!
Your bat hits the endoplasm but does no damage.
You hit the endoplasm but do no damage. Your bat hits the endoplasm.
The endoplasm freezes you.
You are frozen.
Ouch! That really hurt!
* * * LOW HITPOINT WARNING * * *
Your bat hits the endoplasm. You hit the endoplasm but do no damage.
The endoplasm is moderately wounded.
Your bat hits the endoplasm.
Your quokka bites the endoplasm.
The endoplasm freezes you.
You are frozen.
You die...

#.# .# #.# #. #.# +.# #.
#.# ## #.# #[###.#####
...#####.##+##.........#
..................b....#
#..##'##.#####.........#
#...#.# #...Jr....#
#.<.#.+ #..@......# #
#...#.# #.###.#####
#..#####.#####.###.#
#..............##..#
#+####..#########.##
.......## ##..# .......#
#..## .......########.##
.........†...#..##


You could see an endoplasm (ally target), a friendly quokka (summoned) and a
friendly bat (summoned).

Vanquished Creatures (collateral kills)
  A goblin (D:1)
  A ball python (D:1)
  A bat (D:1)
3 creatures vanquished.

Notes
Turn   | Place    | Note
-------+----------+-------------------------------------------
     0 | D:1      | Arcadio the Deep Elf Summoner began the quest for the Orb.
     0 | D:1      | Reached XP level 1. HP: 10/10 MP: 6/6
    85 | D:1      | Frozen to death by an endoplasm

Illustrated notes

Levels and vault maps discovered:
D:1:      minmay_arrival_four_houses, layout_basic

Action                     || total
---------------------------++-------
  Melee: Unarmed           ||    10
   Cast: Summon Small Mamm ||     4
 Armour: Robe              ||    10
  Dodge: Dodged            ||    14

Table legend: (Time is in decaauts)
 A = Elapsed time spent in this place.
 B = Non-inter-level travel time spent in this place.
 C = Inter-level travel time spent in this place.
 D = Time resting spent in this place.
 E = Time spent auto-exploring this place.
 F = Levels seen in this place.
 G = Mean time per level.
                   A        B        C        D        E       F      G
               +--------+--------+--------+--------+--------+-----+--------+
         Total |     85 |     85 |      0 |      0 |     46 |   1 |   85.0 |
       Dungeon |     85 |     85 |      0 |      0 |     46 |   1 |   85.0 |
               +--------+--------+--------+--------+--------+-----+--------+

Top non-repeatable levels by time:
     D:1: 85 daAuts
